AoeStats
← Glutaeus Maximus

Arabia

508386163Analyzed
1v1 RM · 12d ago on Sep 22, 2026· 35m 43s· 2 players
Game mode
Random Map
Map size
Tiny (2 player)
Population
200
Speed
Normal
Resources
Standard
Victory
Conquest
Starting age
Dark Age
Ending age
Imperial Age
RankedLock teamsTeams togetherTeam positionsShared explorationLock speedFull tech treeHidden civsTurbo modeCheats
Victory
Defeat
🇬🇪 Chinese · Georgia
1170
+19
🇩🇪 Berbers · Germany
1245
-19
kaximchedluri
0:29 Loom
8:55 Feudal Age
10:52 Double-Bit Axe
14:13 Horse Collar
14:55 Fletching
20:48 Castle Age
19:48 Padded Archer Armor
19:47 Gold Mining
21:00 Crossbowman
22:12 Bodkin Arrow
23:54 Leather Archer Armor
28:52 Squires
29:21 Arson
30:58 Scale Mail Armor
33:01 Chain Mail Armor
Glutaeus Maximus
5:53 Loom
8:50 Feudal Age
11:26 Double-Bit Axe
16:32 Wheelbarrow
16:36 Padded Archer Armor
20:43 Castle Age
19:10 Scale Barding Armor
19:54 Forging
19:40 Fletching
20:10 Bloodlines
20:13 Gold Mining
20:43 Horse Collar
21:24 Forging
23:17 Chain Barding Armor
23:45 Elite Skirmisher
28:36 Bodkin Arrow
28:59 Leather Archer Armor
30:08 Town Watch
30:25 Bodkin Arrow
32:01 Husbandry
32:35 Bow Saw
Connection lost

Rejoining the realm…

Still unreachable

The connection could not be restored.

Session expired

The server has moved on; the page needs a fresh start.